 Dungeon Crawl Stone Soup version 0.19.0-24-gb05acd6 (webtiles) character file.

354 Firecrotchwizard the Twirler (level 6, -1/51 HPs)
             Began as a Minotaur Gladiator on Nov 21, 2016.
             Slain by Duvessa
             ... wielding a +2 rapier of speed
              (5 damage)
             ... on level 4 of the Dungeon.
             The game lasted 00:05:45 (2436 turns).

Firecrotchwizard the Twirler (Minotaur Gladiator)   Turns: 2436, Time: 00:05:45

Health: -1/51      AC:  5    Str: 19    XL:     6   Next: 35%
Magic:  5/5        EV: 13    Int:  5    God:
Gold:   151        SH:  0    Dex: 13    Spells: 0 memorised, 5 levels left

rFire  . . .     SeeInvis .     a - +0 quarterstaff
rCold  . . .     Gourm    .     w - +0 ring mail (curse)
rNeg   . . .     Faith    .     (shield currently unavailable)
rPois  .         Spirit   .     c - +0 hat
rElec  .         Reflect  .     (no cloak)
rCorr  .         Harm     .     (no gloves)
MR     .....                    (no boots)
Stlth  +.........               (no amulet)
                                (no ring)
                                (no ring)

@: no status effects
A: retaliatory headbutt, horns 2
a: no special abilities


You were on level 4 of the Dungeon.
You were hungry.

You visited 1 branch of the dungeon, and saw 4 of its levels.

You collected 151 gold pieces.

Inventory:

Hand Weapons
 a - a +0 quarterstaff (weapon)
Missiles
 d - 3 throwing nets (quivered)
Armour
 c - a +0 hat (worn)
 w - a cursed +0 ring mail (worn)
Jewellery
 o - an uncursed ring of stealth
Scrolls
 g - a scroll of enchant weapon {unknown}
 j - a scroll of recharging {unknown}
 k - a scroll of identify
 n - a scroll of enchant armour {unknown}
 q - a scroll of random uselessness {unknown}
 s - a scroll of fear {unknown}
 v - 3 scrolls of noise
Potions
 e - 2 potions of cancellation {unknown}
 h - a potion of invisibility {unknown}
 i - a potion of flight {unknown}
 m - 3 potions of curing {unknown}
 p - 2 potions of degeneration {unknown}
 r - 2 potions of mutation {unknown}
 t - a potion of magic {unknown}
 u - a potion of cure mutation {unknown}
 x - 2 potions of berserk rage {unknown}
Comestibles
 f - 2 bread rations
 z - a beef jerky


   Skills:
 + Level 3.5 Fighting
 + Level 6.4 Staves
 + Level 2.1 Throwing
 + Level 3.1 Armour
 + Level 4.5 Dodging
 + Level 0.5 Stealth


You had 5 spell levels left.
You didn't know any spells.

Dungeon Overview and Level Annotations

Branches:
Dungeon (4/15)
 Temple: D:4-7

Altars:
Ashenzari
Dithmenos
Makhleb

Annotations:
D:4 Duvessa


Innate Abilities, Weirdness & Mutations

You reflexively headbutt those who attack you in melee.
You have a pair of horns on your head.


Message History

Duvessa goes berserk!
Duvessa hits you with a rapier of speed!
A leopard gecko skeleton comes into view.
You closely miss Duvessa. You headbutt Duvessa.
Duvessa is lightly wounded.
Duvessa hits you with a rapier of speed!
Duvessa misses you.
Your ring mail prevents you from hitting Duvessa.
You headbutt Duvessa!
Duvessa is lightly wounded.
Duvessa hits you with a rapier of speed!
You sock Duvessa!
Duvessa is moderately wounded.
Duvessa completely misses you. Duvessa barely misses you.
You hit Duvessa. Your headbutt misses Duvessa.
Duvessa is heavily wounded.
Duvessa hits you with a rapier of speed!
* * * LOW HITPOINT WARNING * * *
Duvessa hits you with a rapier of speed.
You die...

..>. .... .....
..... . ......
...
......#####....
#...<.....#
#..e@.....#
#..)......#
#.........#
#..........#
#....Z.....#
............#
.......#.#####
../..#. ..


You could see Duvessa (berserk) and a leopard gecko skeleton.

Vanquished Creatures
  Dowan (D:4)
  A jelly (D:3)
  A hound (D:2)
  An orc priest (D:3)
  A worker ant (D:3)
  An orc wizard (D:3)
  4 adders
  An ooze (D:3)
  4 worms (D:2)
  3 dart slugs
  4 leopard geckos
  12 orcs (D:3)
  3 giant cockroaches
  7 goblins
  6 hobgoblins
  11 jackals
  A quokka (D:2)
  14 bats
  4 frilled lizards
  6 kobolds
  6 rats
92 creatures vanquished.

Notes
Turn   | Place    | Note
-------+----------+-------------------------------------------
     0 | D:1      | Firecrotchwizard the Minotaur Gladiator began the quest for the Orb.
     0 | D:1      | Reached XP level 1. HP: 18/18 MP: 0/0
   126 | D:1      | Reached XP level 2. HP: 14/25 MP: 1/1
   285 | D:1      | Found a shattered altar of Ashenzari.
   320 | D:1      | Reached skill level 4 in Staves
   625 | D:2      | Reached XP level 3. HP: 30/30 MP: 2/2
   813 | D:2      | Reached XP level 4. HP: 29/38 MP: 3/3
   933 | D:2      | Found a burning altar of Makhleb.
   937 | D:2      | Reached skill level 5 in Staves
   937 | D:2      | Reached skill level 1 in Armour
  1317 | D:2      | Found a shattered altar of Ashenzari.
  1513 | D:3      | Found a shadowy altar of Dithmenos.
  1547 | D:3      | Reached XP level 5. HP: 41/45 MP: 4/4
  2116 | D:3      | Reached skill level 6 in Staves
  2121 | D:3      | Reached XP level 6. HP: 40/51 MP: 5/5
  2427 | D:4      | Noticed Duvessa
  2427 | D:4      | Noticed Dowan
  2432 | D:4      | Killed Dowan
  2436 | D:4      | Slain by Duvessa

Skill      XL: |  1  2  3  4  5  6 |
---------------+-------------------+-----
Staves         | 4 5 6 |  6.4
Dodging        | 4 |  4.5
Fighting       | 3 |  3.5
Armour         | 1 2 3 |  3.1
Throwing       | |  2.1
Stealth        | |  0.5

Action                   |  1- 3 |  4- 6 || total
-------------------------+-------+-------++-------
Melee: Quarterstaff      |    72 |   123 ||   195
       Headbutt          |     9 |    24 ||    33
Throw: Throwing net      |       |     1 ||     1
  Use: Scroll            |       |     3 ||     3
  Eat: Chunk             |       |     4 ||     4
Armor: Leather armour    |     5 |       ||     5
       Ring mail         |    18 |    29 ||    47
Dodge: Dodged            |    65 |    73 ||   138
